 Dungeon Crawl Stone Soup version 0.30-a0-1164-ge08a67761e (webtiles) character file.

Game seed: 11771973746771974723

251 cheesebisquit the Digger (level 6, -2/36 HPs)
             Began as a Gargoyle Earth Elementalist on Apr 29, 2023.
             Slain by Crazy Yiuf
             ... wielding a +4 quarterstaff of chaos
              (14 damage)
             ... on level 3 of the Dungeon.
             The game lasted 00:05:14 (3003 turns).

cheesebisquit the Digger (GrEE)                     Turns: 3003, Time: 00:05:14

Health: -2/36      AC:  7    Str: 12    XL:     6   Next: 13%
Magic:  4/10       EV: 17    Int: 17    God:
Gold:   138        SH:  0    Dex: 10    Spells: 10/11 levels left

rFire   . . .        f - +2 scythe (venom)
rCold   . . .        (shield currently unavailable)
rNeg    + . .        a - +0 robe
rPois   ∞            (no helmet)
rElec   +            (no cloak)
rCorr   .            m - +0 pair of gloves
SInv    .            (no boots)
Will    .....        (no amulet)
Stlth   ++           h - +5 ring of evasion
HPRegen 0.26/turn    (no ring)
MPRegen 0.12/turn

%: no passive effects
@: no status effects
A: sickness immunity, AC +4, negative energy resistance 1, electricity
resistance, torment resistance 1, petrification resistance
a: no special abilities


You were on level 3 of the Dungeon.
You visited 1 branch of the dungeon, and saw 3 of its levels.

You collected 138 gold pieces.

Inventory:

Hand Weapons
 f - a +2 scythe of venom (weapon)
Armour
 a - a +0 robe (worn)
 m - a +0 pair of gloves (worn)
Jewellery
 h - a +5 ring of evasion (left hand)
Scrolls
 c - a scroll of immolation {unknown}
 d - 2 scrolls of identify {unknown}
 g - a scroll of enchant weapon {unknown}
 l - a scroll of teleportation {unknown}
Potions
 b - a potion of magic
 e - a potion of lignification {unknown}
 i - a potion of curing {unknown}
 j - a potion of mutation {unknown}
 k - a potion of might {unknown}


   Skills:
 + Level 2.6 Fighting
 + Level 2.6 Dodging
 - Level 2.1 Stealth
 + Level 3.0 Spellcasting
 - Level 0.7 Transmutations
 * Level 5.8 Earth Magic


You had 10 spell levels left.
You knew the following spells:

 Your Spells              Type           Power      Damage    Failure   Level
a - Sandblast             Erth           44%        2d11      1%          1

Your spell library contained the following spells:

 Spells                   Type           Power      Damage    Failure   Level
 Passwall                 Tmut/Erth      10%        N/A       7%          2
 Stone Arrow              Conj/Erth      24%        3d8       16%         3
 Petrify                  Tmut/Erth      13%        N/A       41%         4


Dungeon Overview and Level Annotations

Branches:
Dungeon (3/15)

Altars:

Annotations:
D:3 Crazy Yiuf


Innate Abilities, Weirdness & Mutations

You are immune to sickness and miasma.
Your stone body is resilient. (AC +4)
You are immune to poison.
You resist negative energy. (rN+)
You are resistant to electric shocks. (rElec)
You are resistant to unholy torment.
You are immune to petrification.


Message History

The blast of sand hits the hobgoblin!
You kill the hobgoblin!
You see here a hobgoblin corpse.
Found a runed translucent door.
You see here a hobgoblin corpse.
There is an open door here.
You see here a +0 leather armour.
Found a stone staircase leading down.
You see here a +0 short sword.
You see here a +0 short sword.
There is an escape hatch in the floor here.
There is an open door here.
You see here a hobgoblin skeleton.
Could not explore, unopened runed door.
You open the door.
The blast of sand hits Crazy Yiuf!
Crazy Yiuf is heavily wounded.
Crazy Yiuf shouts!
Crazy Yiuf completely misses you.
Crazy Yiuf says, "Crazy?
Crazy!?
PORCUPINE!"
Crazy Yiuf misses you.
The blast of sand hits Crazy Yiuf but does no damage.
Crazy Yiuf is heavily wounded.
Crazy Yiuf completely misses you.
The blast of sand hits Crazy Yiuf.
Crazy Yiuf is heavily wounded.
Crazy Yiuf barely misses you.
Crazy Yiuf grits, "Candle!
Lay water light."
Crazy Yiuf hits you with a +4 quarterstaff of chaos.
You feel your power leaking away.
The blast of sand misses Crazy Yiuf.
Crazy Yiuf whimpers, "Ten meccalolo snail!"
Crazy Yiuf hits you with a +4 quarterstaff of chaos!
Crazy Yiuf burns you.
The blast of sand hits Crazy Yiuf.
Crazy Yiuf is severely wounded.
Crazy Yiuf hits you with a +4 quarterstaff of chaos!
Crazy Yiuf freezes you.
Crazy Yiuf hits you with a +4 quarterstaff of chaos!
You die...

######'######.>#
#.# ##.# #.# #.#
#.# ### #.# #.#
♣♣♣♣♣### #.# ###
♣♣♣.♣....## #.#
#...#♣..♣......##
#.#
#...g@♣♣♣♣......#
#.# #)..#♣♣
♣♣.....# #.# ###
♣♣##..# #.# #.##
#.# #.# #.# #.#
#.##############
#.#
#..............#
#.#
##############.#
#.#


You could see Crazy Yiuf.

Vanquished Creatures
  Sigmund (D:2)
  2 adders (D:3)
  2 worms (D:2)
  2 dart slugs
  4 orcs (D:3)
  5 bats
  3 endoplasms
  3 giant cockroaches
  2 goblins
  6 hobgoblins
  2 jackals (D:1)
  6 quokkas
  7 ball pythons
  A frilled lizard (D:3)
  5 kobolds
  7 rats
58 creatures vanquished.

Notes
Turn   | Place    | Note
-------+----------+-------------------------------------------
     0 | D:1      | cheesebisquit the Gargoyle Earth Elementalist began the
                  | quest for the Orb.
     0 | D:1      | Reached XP level 1. HP: 10/10 MP: 3/3
   338 | D:1      | Reached XP level 2. HP: 16/16 MP: 3/5
   343 | D:1      | Reached skill level 4 in Earth Magic
   740 | D:1      | Reached skill level 1 in Fighting
   858 | D:1      | Reached XP level 3. HP: 20/20 MP: 4/6
  1044 | D:2      | Noticed Sigmund
  1048 | D:2      | Killed Sigmund
  1049 | D:2      | Reached skill level 5 in Earth Magic
  1049 | D:2      | Reached XP level 4. HP: 19/26 MP: 3/8
  1049 | D:2      | Reached XP level 5. HP: 22/30 MP: 3/9
  2139 | D:3      | Reached XP level 6. HP: 36/36 MP: 1/10
  2739 | D:3      | Found a runed translucent door.
  2740 | D:3      | Noticed Crazy Yiuf
  3003 | D:3      | Slain by Crazy Yiuf

Illustrated notes

Levels and vault maps discovered:
D:1:      dpeg_arrival_windows_large_door, layout_loops_ring,
          serial_bayou_ford_a
D:2:      minmay_skewed_foursquare, layout_loops_corners, grunt_ministairs_12,
          uniq_sigmund
D:3:      layout_basic, uniq_crazy_yiuf_cottage

Skill      XL: |  1  2  3  4  5 |
---------------+----------------+-----
Earth Magic    | 4 5 |  5.8
Fighting       | 1 2 |  2.6
Dodging        | 2 |  2.6
Spellcasting   | 3 |  3.0
Stealth        | |  2.1
Transmutations | |  0.7

Action                     |  1- 3 |  4- 6 || total
---------------------------+-------+-------++-------
  Melee: Hand axe          |     2 |       ||     2
   Cast: Sandblast         |    33 |    48 ||    81
 Armour: Robe              |     1 |     4 ||     5
  Dodge: Dodged            |     6 |    19 ||    25

Table legend: (Time is in decaauts)
 A = Elapsed time spent in this place.
 B = Non-inter-level travel time spent in this place.
 C = Inter-level travel time spent in this place.
 D = Time resting spent in this place.
 E = Time spent auto-exploring this place.
 F = Levels seen in this place.
 G = Mean time per level.
                   A        B        C        D        E       F      G
               +--------+--------+--------+--------+--------+-----+--------+
         Total |   3059 |   2891 |    168 |      0 |   2602 |   3 | 1019.7 |
       Dungeon |   3059 |   2891 |    168 |      0 |   2602 |   3 | 1019.7 |
               +--------+--------+--------+--------+--------+-----+--------+

Top non-repeatable levels by time:
     D:2: 1182 daAuts
     D:1: 981 daAuts
     D:3: 895 daAuts
